 Dungeon Crawl Stone Soup version 0.31.0-11-ge490571c62 (webtiles) character file.

Game seed: 1315607156842688626

12502 boopmooplesden the Basher (level 11, -8/95 HPs)
             Began as an Armataur Fighter on Jan 31, 2024.
             Was an Elder of Trog.
             Killed from afar by a hell hog (16 damage)
             ... with a fireball
             ... on level 11 of the Dungeon.
             The game lasted 00:15:45 (10498 turns).

boopmooplesden the Basher (Armataur Fighter)       Turns: 10498, Time: 00:15:46

Health: -8/95      AC: 19    Str: 25    XL:     11   Next: 63%
Magic:  11/11      EV:  6    Int:  9    God:    Trog [****..]
Gold:   671        SH:  0    Dex: 10    Spells: 10/10 levels left

rFire   . . .        d - +3 dire flail (protect)
rCold   . . .        (shield currently unavailable)
rNeg    . . .        e - +3 plate armour
rPois   .            o - +0 helmet
rElec   .            (no cloak)
rCorr   .            w - +0 pair of gloves
SInv    .            (no barding)
Will    .....        (no amulet) Stlth
                     (no ring)
HPRegen 0.35/turn    (no ring)
MPRegen 0.12/turn

%: roll
@: on berserk cooldown, slowed, very slow
A: large, deformed body, tough skin 3, armoured tail, roll 2
a: Renounce Religion, Berserk, Trog's Hand, Brothers in Arms


You were on level 11 of the Dungeon.
You worshipped Trog.
Trog was greatly pleased with you.
You visited 1 branch of the dungeon, and saw 11 of its levels.

You collected 671 gold pieces.

Inventory:

Hand Weapons
 a - a +1 flail
 d - a +3 dire flail of protection (weapon)
 G - a +4 flail
Missiles
 r - 3 boomerangs (quivered)
Armour
 b - a +0 scale mail
 c - a +0 buckler
 e - a +3 plate armour (worn)
 g - a scarf of shadows
 o - a +0 helmet (worn)
 w - a +0 pair of gloves (worn)
Jewellery
 p - a ring of willpower
 y - a +6 ring of strength
 D - a +4 ring of protection
 E - a ring of willpower
Talismans
 C - a serpent talisman
Wands
 v - a wand of digging (5)
 F - a wand of flame (9)
Scrolls
 h - 5 scrolls of teleportation
 j - 3 scrolls of poison
 q - a scroll of fear
 A - a scroll of blinking
 J - a scroll of identify
Potions
 f - 4 potions of curing
 i - 5 potions of attraction
 k - a potion of heal wounds
 l - 4 potions of haste
 m - a potion of magic
 n - a potion of cancellation
 s - a potion of lignification
 t - a potion of invisibility {unknown}
 u - a potion of might
 x - a potion of ambrosia {unknown}
 z - a potion of degeneration
 B - 2 potions of mutation


   Skills:
 + Level 8.5 Fighting
 + Level 12.5 Maces & Flails
 + Level 11.5 Armour
 + Level 0.9 Dodging
 + Level 1.7 Stealth
 + Level 4.4 Shields


You had 10 spell levels left.
You didn't know any spells.
Your spell library contained the following spells:

 Spells                   Type           Power      Damage    Failure   Level
 Magic Dart               Conj           0%         1d3       98%         1
 Blink                    Tloc           0%         N/A       99%         2
 Call Imp                 Summ           0%         N/A       99%         2
 Ensorcelled Hibernation  Hex/Ice        0%         N/A       99%         2
 Fugue of the Fallen      Necr           0%         N/A       100%        3
 Anguish                  Hex/Necr       0%         N/A       100%        4
 Conjure Ball Lightning   Conj/Air       0%         3x3d6     100%        6
 Discord                  Hex            0%         N/A       100%        8
 Disjunction              Tloc           0%         N/A       100%        8


Dungeon Overview and Level Annotations

Branches:
Dungeon (11/15)            Temple (0/1) D:4            Lair (0/5) D:10
    Orc: D:9-12

Altars:
Ashenzari
Cheibriados
Dithmenos
Elyvilon
Fedhas
Qazlal
Ru
Sif Muna
Trog
Uskayaw
Vehumet
Yredelemnul
The Shining One

Shops:
D:5 !   D:9 :

Portals:
Abyss: D:11

Annotations:
D:11 1 transporter, cdecastro's ghost, journeyman DEFE


Innate Abilities, Weirdness & Mutations

Armour fits poorly on your strangely shaped body.
You have extremely tough skin. (AC +3)
You have a long armoured tail.
You regenerate magic and health when rolling toward enemies. (Rampage Regen)


Message History

You thump the small abomination!
Your weapon exudes an aura of protection.
Your tail-slap misses the small abomination.
The small abomination is moderately damaged.
The small abomination hits you.
You impale the small abomination!!
You destroy the small abomination!
Trog accepts your kill.
The hell hog squeals angrily.
You hit the toenail golem.
Your weapon exudes an aura of protection.
The toenail golem is lightly damaged.
The toenail golem hits you but does no damage.
The hell hog bites you. The hell hog attacks as it pursues you!
The hell hog bites you! The toenail golem hits you. The hell hog bites you.
The hell hog bites you!
Your ogre goes berserk!
The hell hog breathes fire at you.
The fireball explodes!
The fireball engulfs you!!!
* * * LOW HITPOINT WARNING * * *
The fireball engulfs the hell hog.
The hell hog completely resists.
The hell hog bites you but does no damage.
Unknown command.
You feel much better.
The hell hog bites you but does no damage.
The hell hog breathes fire at you.
The fireball explodes!
The fireball engulfs you!!
* * * LOW HITPOINT WARNING * * *
The fireball engulfs your ogre!!
The fireball engulfs the hell hog.
The hell hog completely resists.
Your ogre hits the hell hog with a +0 giant spiked club!!!
The hell hog breathes fire at your ogre.
The fireball explodes!
The fireball engulfs your ogre!!!
Your ogre dies!
Your ogre's corpse disappears in a puff of smoke!
The fireball engulfs the hell hog.
The hell hog completely resists.
The hell hog squeals angrily.
The fireball engulfs you!
You die...

# #.# #.#.#.# #.# #..######. #
#.# #.#.#.#####.####...##.... #
#.# #.#...............(...... #
#.# #.#......................
###.###.#...........[##........
.............###....####.......
. ###.###......#©##..##
####...# ..
........#.)#..#9.#..x##..# ..#
###..#..##@##..##..###x#..# .##
#).#..#§h##...###.. ##..#
##..#..###9##... #.. #...#
.......##...###.# .. #...#
##.....###...###. #.##..#
#......©#©.#.}.^.#.[#..#
#......##.##.∩#..#.##..#
#.....##.....h:##$##...#
#....##..##### ## #....#


You could see a hell hog (catching breath) and a toenail golem.

Vanquished Creatures
  Erolcha (D:10)
  A boulder beetle (D:11)
  A centaur warrior (D:11)
  3 two-headed ogres
  Sonja (D:10)
  A troll (D:9)
  Grinder (D:5)
  The ghost of Zeor the Gusty, an amateur TeAE (D:4)
  9 yaks (D:10)
  3 shadows
  Eustachio (D:5)
  A vampire (D:10)
  Grum (D:10)
  4 vampire mosquitoes (D:10)
  Menkaure (D:5)
  A steam dragon (D:6)
  Edmund (D:4)
  2 acid dragons (D:10)
  3 water moccasins
  3 orc warriors
  2 sky beasts
  An ogre (D:5)
  5 wolves (D:10)
  6 centaurs
  A phantom (D:6)
  2 kobold brigands
  Blork the orc (D:5)
  3 bullfrogs
  A gnoll sergeant (D:11)
  3 scorpions
  A small abomination (D:11)
  7 wights
  13 killer bees
  A bombardier beetle (D:4)
  4 howler monkeys
  4 jellies
  4 hounds
  2 sleepcaps (D:6)
  A gnoll bouda (D:9)
  4 orc priests
  3 iguanas
  10 orc wizards
  11 gnolls
  8 adders
  A white imp (D:6)
  4 ufetubi (D:6)
  5 dart slugs
  3 ribbon worms
  29 orcs
  6 endoplasms
  6 giant cockroaches
  6 goblins
  12 hobgoblins
  3 jackals (D:4)
  17 kobolds
  6 quokkas
  7 ball pythons
  8 bats
  A frilled lizard (D:2)
  10 rats
262 creatures vanquished.

Vanquished Creatures (others)
  A quokka (D:4)
1 creature vanquished.

Grand Total: 263 creatures vanquished

Notes
Turn   | Place    | Note
-------+----------+-------------------------------------------
     0 | D:1      | boopmooplesden the Armataur Fighter began the quest for the
                  | Orb.
     0 | D:1      | Reached XP level 1. HP: 18/18 MP: 1/1
   165 | D:1      | Reached XP level 2. HP: 25/25 MP: 2/2
   262 | D:1      | Reached skill level 2 in Maces & Flails
   424 | D:1      | Reached XP level 3. HP: 31/31 MP: 3/3
  1089 | D:2      | Reached XP level 4. HP: 38/38 MP: 4/4
  1415 | D:2      | Found a faded altar of an unknown god.
  1671 | D:3      | Reached skill level 3 in Maces & Flails
  1855 | D:3      | Found a bloodstained altar of Trog.
  1877 | D:3      | Became a worshipper of Trog the Wrathful
  2394 | D:3      | Found a shimmering blue altar of Sif Muna.
  2436 | D:4      | Reached XP level 5. HP: 45/45 MP: 5/5
  2462 | D:4      | Found a transporter.
  2462 | D:4      | Noticed a water moccasin
  2486 | D:4      | Killed a water moccasin
  2487 | D:4      | Reached skill level 4 in Maces & Flails
  2495 | D:4      | Reached XP level 6. HP: 19/51 MP: 6/6
  2752 | D:4      | Found a transporter.
  2752 | D:4      | Noticed Zeor's ghost (amateur TeAE)
  2854 | D:4      | Noticed Edmund
  2877 | D:4      | Killed Edmund
  2878 | D:4      | Reached skill level 5 in Armour
  2887 | D:4      | Reached * piety under Trog
  3020 | D:4      | Found a staircase to the Ecumenical Temple.
  3324 | D:4      | Reached skill level 5 in Maces & Flails
  3324 | D:4      | Gained mutation: You regenerate magic and health when
                  | rolling toward enemies. (Rampage Regen) [Armataur growth]
  3324 | D:4      | Reached XP level 7. HP: 27/58 MP: 7/7
  3726 | D:4      | Killed Zeor's ghost
  3822 | D:5      | Entered Level 5 of the Dungeon
  3915 | D:5      | Reached skill level 6 in Maces & Flails
  3995 | D:5      | Found Vihyxy's Distillery.
  4001 | D:5      | Reached XP level 8. HP: 58/67 MP: 8/8
  4204 | D:5      | Noticed Blork the orc
  4207 | D:5      | Noticed Menkaure
  4210 | D:5      | Killed Menkaure
  4211 | D:5      | Reached skill level 7 in Maces & Flails
  4219 | D:5      | Killed Blork the orc
  4438 | D:5      | Noticed Grinder
  4448 | D:5      | Paralysed by Grinder for 4 turns
  4457 | D:5      | Killed Grinder
  4634 | D:5      | Noticed Eustachio
  4649 | D:5      | Killed Eustachio
  4650 | D:5      | Reached skill level 5 in Fighting
  4848 | D:6      | Reached skill level 8 in Maces & Flails
  4958 | D:6      | Reached ** piety under Trog
  5119 | D:6      | Reached XP level 9. HP: 74/74 MP: 9/9
  5867 | D:7      | Found a white marble altar of Elyvilon.
  5881 | D:7      | Found a radiant altar of Vehumet.
  6102 | D:7      | Reached skill level 9 in Maces & Flails
  6159 | D:7      | Found a stormy altar of Qazlal.
  6161 | D:7      | Found a blossoming altar of Fedhas.
  6164 | D:7      | Noticed a two-headed ogre
  6371 | D:8      | Found a basalt altar of Yredelemnul.
  6373 | D:8      | Noticed a profane servitor
  6777 | D:8      | Found a snail-covered altar of Cheibriados.
  6886 | D:8      | Reached *** piety under Trog
  7353 | D:8      | Found a glowing golden altar of the Shining One.
  7355 | D:8      | Noticed an angel
  7609 | D:9      | Noticed a troll
  7630 | D:9      | Killed a troll
  7631 | D:9      | Reached XP level 10. HP: 83/83 MP: 10/10
  7740 | D:9      | Noticed a two-headed ogre
  7747 | D:9      | Killed a two-headed ogre
  7748 | D:9      | Reached skill level 10 in Maces & Flails
  8108 | D:9      | Found Obosi's Book Emporium.
  8149 | D:9      | Found a hide-covered altar of Uskayaw.
  8411 | D:10     | Entered Level 10 of the Dungeon
  8626 | D:10     | Noticed Erolcha
  8628 | D:10     | Noticed Sonja
  8845 | D:10     | Found a shadowy altar of Dithmenos.
  9003 | D:10     | Reached skill level 11 in Maces & Flails
  9011 | D:10     | Reached **** piety under Trog
  9029 | D:10     | Reached skill level 10 in Armour
  9152 | D:10     | Found a sacrificial altar of Ru.
  9160 | D:10     | Killed a two-headed ogre
  9161 | D:10     | Reached skill level 1 in Stealth
  9187 | D:10     | Reached XP level 11. HP: 32/92 MP: 11/11
  9291 | D:10     | Killed Sonja
  9508 | D:10     | Noticed Grum
  9528 | D:10     | Killed Grum
  9683 | D:10     | Found a broken altar of Ashenzari.
  9920 | D:10     | Killed Erolcha
  9936 | D:10     | Found a staircase to the Lair.
 10281 | D:11     | Noticed a two-headed ogre
 10285 | D:11     | Noticed a centaur warrior
 10287 | D:11     | Killed a two-headed ogre
 10288 | D:11     | Reached skill level 12 in Maces & Flails
 10296 | D:11     | Killed a centaur warrior
 10424 | D:11     | Noticed a boulder beetle
 10439 | D:11     | Killed a boulder beetle
 10444 | D:11     | Found a one-way gate to the infinite horrors of the Abyss.
 10444 | D:11     | Noticed cdecastro's ghost (journeyman DEFE)
 10445 | D:11     | Noticed a hell hog
 10450 | D:11     | Found a transporter.
 10470 | D:11     | Found a transporter.
 10496 | D:11     | HP: 3/95 [hell hog/fireball (42)]
 10498 | D:11     | Killed from afar by a hell hog

Illustrated notes

Levels and vault maps discovered:
D:1:      spicycebolla_arrival_xxxplode, layout_rooms, serial_corexii_hall,
          corexii_hall_statues_x, corexii_hall_statues_x,
          minmay_gold_behind_fungi
D:2:      cheibrodos_old_hovel, layout_basic,
          shapermc_ecumenical_altar_mp_urbaneastern
D:3:      layout_loops_ring, bloody_trog, mainiacjoe_overflow_catwalk
D:4:      cheibrodos_thug_alley, layout_basic, minmay_temple_entry_overgrown,
          gammafunk_ghost_arena, uniq_edmund
D:5:      layout_loops_corners, serial_shops, shop, uniq_blork_the_orc,
          uniq_menkaure, uniq_grinder, uniq_eustachio
D:6:      layout_gridville, serial_park_tiny_1
D:7:      layout_basic, grunt_temple_overflow_forces_of_nature,
          mainiacjoe_overflow_catwalk_spiral, nrook_loot_triangle
D:8:      layout_loops_corners, grunt_temple_overflow_holy_war,
          lemuel_tele_altar
D:9:      layout_loops_ring, nicolae_uskayaw_murder_on_the_dancefloor,
          serial_shops, nicolae_shop_rolling_square, glass_columns_b
D:10:     layout_rooms, kennysheep_little_box,
          nicolae_ru_great_annihilating_truth,
          mainiacjoe_overflow_surrounded_room, erik_lair_orcish_takeover,
          lightli_orcish_oven, uniq_sonja, uniq_grum, uniq_erolcha
D:11:     layout_loops_ring, orc_0_dummy, gammafunk_ghost_abyssal_escape,
          dk_noncrumbling_2, lightli_fourway_metalbox

Skill      XL: |  1  2  3  4  5  6  7  8  9 10 11 |
---------------+----------------------------------+-----
Maces & Flails | 2 3 4 5 6 8 9 11 12 | 12.5
Fighting       | 3 4 5 6 7 8 |  8.5
Armour         | 4 5 6 7 9 10 11 | 11.5
Shields        | 4 |  4.4
Stealth        | 1 |  1.7
Dodging        | |  0.9

Action                     |  1- 3 |  4- 6 |  7- 9 | 10-12 || total
---------------------------+-------+-------+-------+-------++-------
  Melee: Flail             |   118 |   199 |    18 |       ||   335
         Tailslap          |     7 |    22 |    38 |    42 ||   109
         Dire flail        |       |       |   320 |   324 ||   644
 Invoke: Berserk           |       |       |     5 |     3 ||     8
         Brothers in Arms  |       |       |       |     1 ||     1
    Use: Scroll            |     6 |     1 |    12 |     5 ||    24
         Potion            |       |     3 |       |     1 ||     4
   Stab: Invisible         |       |       |       |     1 ||     1
 Armour: Plate armour      |   126 |   189 |   389 |   358 ||  1062
         Scale mail        |     5 |       |       |       ||     5
  Dodge: Dodged            |    27 |    37 |   107 |    78 ||   249
  Block: Buckler           |    27 |    34 |     5 |       ||    66
